 Dungeon Crawl Stone Soup version 0.23-a0-556-g351818a (webtiles) character file.

293 CozyGlow the Bolt Thrower (level 6, -1/47 HPs)
             Began as a Human Hunter on Dec 10, 2018.
             Slain by an iguana (14 damage)
             ... on level 4 of the Dungeon on Dec 11, 2018.
             The game lasted 00:16:14 (3362 turns).

CozyGlow the Bolt Thrower (Human Hunter)            Turns: 3362, Time: 00:16:14

Health: -1/47      AC:  3    Str: 12    XL:     6   Next: 60%
Magic:  6/6        EV: 13    Int: 12    God:
Gold:   150        SH:  0    Dex: 15    Spells: 5/5 levels left

rFire    . . .     SeeInvis .   s - +0 dagger (holy)
rCold    . . .     Gourm    .   (no shield)
rNeg     . . .     Faith    .   c - +0 leather armour
rPois    .         Spirit   .   (no helmet)
rElec    .         Reflect  .   (no cloak)
rCorr    .         Harm     .   (no gloves)
MR       .....                  (no boots)
Stlth    ++........             (no amulet)
HPRegen  0.15/turn              (no ring)
MPRegen  0.10/turn              (no ring)

@: no status effects
A: no striking features
a: no special abilities


You were on level 4 of the Dungeon.
You were not hungry.

You visited 1 branch of the dungeon, and saw 4 of its levels.

You collected 150 gold pieces.

Inventory:

Hand Weapons
 a - a +1 hand crossbow
 b - a +0 short sword
 s - a +0 dagger of holy wrath (weapon)
   (You took it off a kobold on level 2 of the Dungeon)
Missiles
 d - 6 bolts
 t - 42 stones (quivered)
Armour
 c - a +0 leather armour (worn)
Jewellery
 g - a cursed amulet of inaccuracy {unknown}
   (You found it on level 4 of the Dungeon)
 j - a +4 ring of strength
   (You found it on level 1 of the Dungeon)
 r - an uncursed amulet of rage {+Rage, !d}
   (You found it on level 2 of the Dungeon)
Scrolls
 e - 2 scrolls of fear
 m - a scroll of remove curse
 o - a scroll of teleportation
 q - a scroll of noise {!r}
 u - a scroll of immolation {!r}
 v - a scroll of magic mapping {!r}
 w - a scroll of amnesia {unknown}
 x - a scroll of enchant weapon {unknown}
Potions
 h - a potion of heal wounds
 i - 2 potions of lignification {!q}
 k - a potion of invisibility
 l - a potion of agility
 n - 2 potions of curing
 p - 2 potions of ambrosia
 z - a potion of degeneration {unknown}
Comestibles
 f - 10 rations


   Skills:
 + Level 3.3 Fighting
 * Level 0.0 Short Blades
 - Level 5.6 Crossbows
 + Level 3.3 Dodging
 + Level 3.0 Stealth


You had 5 spell levels left.
You didn't know any spells.
Your spell library was empty.

Dungeon Overview and Level Annotations

Branches:
Dungeon (4/15)
 Temple: D:4-7

Altars:
Nemelex Xobeh

Annotations:
D:3 exclusion: downstairs


Message History

Health restored: 47 Search for what [Enter for "bolt", or ? for help]?
Okay, then.
You open the door.
z - a sedimented dark potion You open the door.
A bat comes into view.
There is an open door here.
Firing (i - inventory. (/) - cycle)
d - 6 bolts (quivered)
Aim: a bat (resting)
You shoot a bolt. The bolt hits the bat!
You kill the bat!
You are feeling hungry.
All of the chunks of flesh in your inventory have rotted away.
d - 6 bolts (gained 1)
o - 2 scrolls labeled XYEPYLEARA (gained 1)
There is an open door here.
You see here a quarterstaff.
There is an open door here.
Done exploring.
Done exploring.
There is a stone staircase leading down here.
You climb downwards.
An ogre comes into view. It is wielding a -3 giant spiked club.
There is a stone staircase leading up here.
You climb upwards.
There is a stone staircase leading down here.
A stone staircase leading down.
The floor.
The floor.
A stone staircase leading down.
There is an open door here.
There is a stone staircase leading down here.
You climb downwards.
There is a stone staircase leading up here.
You now have 129 gold pieces (gained 12).
A leopard gecko comes into view.
Firing (i - inventory. (/) - cycle)
d - 6 bolts (quivered)
Aim: a leopard gecko (clinging, hasn't noticed you)
You shoot a bolt. The leopard gecko hisses angrily.
The bolt hits the leopard gecko.
You kill the leopard gecko!
d - 6 bolts (gained 1)
t - 43 stones (gained 18)
n - 2 potions of curing (gained 1)
You now have 143 gold pieces (gained 14).
Saving game... please wait.
Welcome back, CozyGlow the Human Hunter.
Wield which item (- for none, * to show all)? (? for menu, Esc to quit)
You are now empty-handed.
Sorry, you're not good enough to have a special ability.
Wield which item (- for none, * to show all)? (? for menu, Esc to quit)
Your +0 dagger of holy wrath softly glows with a divine radiance!
s - a +0 dagger of holy wrath (weapon)
u - 2 scrolls labeled YNAFIAHYOG (gained 1)
You are feeling very hungry.
You eat one of the 8 rations.
That ration really hit the spot!
f - 8 rations (gained 1)
You now have 150 gold pieces (gained 7).
f - 9 rations (gained 1)
f - 10 rations (gained 1)
e - 2 scrolls of fear (gained 1)
Found a stone staircase leading up.
There is a stone staircase leading up here.
Found a stone staircase leading down.
g - a thin garnet amulet
There are no items here.
As you read the scroll labeled YNAFIAHYOG, it crumbles to dust.
The air around you briefly surges with heat, but it dissipates.
It was a scroll of immolation.
As you read the scroll labeled XYEPYLEARA, it crumbles to dust.
You feel strangely unstable.
It was a scroll of teleportation.
Your surroundings suddenly seem different.
An iguana comes into view.
The iguana closely misses you.
You barely miss the iguana. The iguana barely misses you.
You barely miss the iguana. The iguana barely misses you.
You barely miss the iguana. The iguana bites you!
You take 12 damage, and have 35/47 hp.
MASSIVE DAMAGE!!
You barely miss the iguana. The iguana bites you.
You take 2 damage, and have 33/47 hp.
You hit the iguana but do no damage. The iguana completely misses you.
You hit the iguana but do no damage. The iguana bites you!
You take 11 damage, and have 22/47 hp.
MASSIVE DAMAGE!!
You hit the iguana but do no damage. The iguana barely misses you.
You hit the iguana but do no damage. The iguana barely misses you.
You hit the iguana but do no damage. The iguana closely misses you.
You completely miss the iguana. The iguana bites you!
* * * LOW HITPOINT WARNING * * *
You take 9 damage, and have 13/47 hp.
Throwing (i - inventory)
t - 43 stones (quivered)
Aim: an iguana You throw a stone.
The stone hits the iguana but does no damage.
The iguana bites you!
You die...

####### ###
#..... ...#
#....##....#
#....@.....#
#.##..l##....#
#......+ ...#
####...# .##
#...# # #####


You could see an iguana.

Vanquished Creatures
  A water moccasin zombie (D:2)
  A hound (D:2)
  Natasha (thrice) (D:3)
  Terence (D:3)
  A worker ant (D:2)
  2 adders
  A worm (D:2)
  3 dart slugs
  2 leopard geckos
  A ball python (D:3)
  6 giant cockroaches
  A goblin (D:3)
  10 hobgoblins
  2 quokkas (D:2)
  3 bats (D:3)
  4 frilled lizards
  8 kobolds
  10 rats
60 creatures vanquished.

Notes
Turn   | Place    | Note
-------+----------+-------------------------------------------
     0 | D:1      | CozyGlow the Human Hunter began the quest for the Orb.
     0 | D:1      | Reached XP level 1. HP: 16/16 MP: 1/1
   414 | D:1      | Reached XP level 2. HP: 22/22 MP: 2/2
   860 | D:2      | Reached skill level 2 in Stealth
   860 | D:2      | Reached XP level 3. HP: 17/28 MP: 3/3
   860 | D:2      | Reached XP level 4. HP: 21/34 MP: 4/4
  1333 | D:2      | Found a sparkling altar of Nemelex Xobeh.
  1340 | D:2      | Upgraded the game from 0.23-a0-550-g7de1f8e to
                  | 0.23-a0-556-g351818a
  1441 | D:2      | Reached XP level 5. HP: 28/39 MP: 5/5
  1530 | D:2      | Reached skill level 5 in Crossbows
  1546 | D:2      | Reached skill level 3 in Dodging
  1998 | D:3      | Reached skill level 3 in Fighting
  2362 | D:3      | Noticed Terence
  2369 | D:3      | Killed Terence
  2369 | D:3      | Reached XP level 6. HP: 45/47 MP: 6/6
  2370 | D:3      | Noticed Natasha
  2408 | D:3      | HP: 10/47 [Natasha (6)]
  2415 | D:3      | Killed Natasha
  2857 | D:3      | Noticed Natasha
  2861 | D:3      | Killed Natasha
  2967 | D:3      | Noticed Natasha
  2973 | D:3      | Killed Natasha
  2973 | D:3      | Reached skill level 3 in Stealth
  3076 | D:4      | Noticed an ogre
  3362 | D:4      | Slain by an iguana

Vault maps used:
D:1:      minmay_arrival_stone_box
D:2:      nemelex_xobeh_ov_fountains_minmay, first_ration
D:3:      uniq_terence, uniq_natasha
D:4:      makhleb_grotto_becter

Skill      XL: |  1  2  3  4  5  6 |
---------------+-------------------+-----
Stealth        | 2 3 |  3.0
Crossbows      | 5 |  5.6
Dodging        | 3 |  3.3
Fighting       | 3 |  3.3

Action                   |  1- 3 |  4- 6 || total
-------------------------+-------+-------++-------
Melee: Hand crossbow     |       |    29 ||    29
       Dagger            |       |    17 ||    17
 Fire: Hand crossbow     |    31 |   115 ||   146
Throw: Stone             |       |    35 ||    35
  Use: Scroll            |       |    11 ||    11
       Potion            |       |     2 ||     2
  Eat: Chunk             |       |     6 ||     6
       Ration            |       |     1 ||     1
Armor: Leather armour    |     1 |    26 ||    27
       Skin              |       |     8 ||     8
Dodge: Dodged            |     6 |   118 ||   124

Table legend:
 A = Non-vault XP
 B = Vault XP
 C = Vault XP percentage of total XP
 D = Non-vault monster count
 E = Vault monster count
 F = Vault count percentage of total count
                 A         B        C        D         E       F
            +---------+---------+-------+---------+---------+-------
      Total |     347 |      72 |  17.2 |      58 |       2 |   3.3
            +---------+---------+-------+---------+---------+-------
        D:1 |      19 |       0 |   0.0 |       9 |       0 |   0.0
        D:2 |     218 |       0 |   0.0 |      30 |       0 |   0.0
        D:3 |     107 |      72 |  40.2 |      18 |       2 |  10.0
        D:4 |       3 |       0 |   0.0 |       1 |       0 |   0.0
            +---------+---------+-------+---------+---------+-------

Vault maps used:
D:1:      minmay_arrival_stone_box
D:2:      nemelex_xobeh_ov_fountains_minmay, first_ration
D:3:      uniq_terence, uniq_natasha
D:4:      makhleb_grotto_becter

Table legend:
 A = Turns spent in this place as a percentage of turns spent in the entire game.
 B = Non-inter-level travel turns spent in this place as a percentage of non-inter-level travel turns spent in the entire game.
 C = Inter-level travel turns spent in this place as a percentage of turns spent in this place.
 D = Turns resting spent in this place as a percentage of non-inter-level travel turns spent in this place.
 E = Turns spent auto-exploring this place as a percentage of non-inter-level travel turns spent in this place.
 F = Non-inter-level travel turns spent in this place divided by the number of levels of this place that you've seen.
                   A       B       C       D       E      F
               +-------+-------+-------+-------+-------+----------------------
         Total | 100.0 | 100.0 |   2.8 |  25.4 |  41.2 | 817.0
       Dungeon | 100.0 | 100.0 |   2.8 |  25.4 |  41.2 | 817.0
               +-------+-------+-------+-------+-------+----------------------

Table legend:
 A = Kills in this place as a percentage of kills in entire the game.
 B = Kills by you in this place as a percentage of kills by you in the entire game.
 C = Kills by friends in this place as a percentage of kills by friends in the entire game.
 D = Other kills in this place as a percentage of other kills in the entire game.
 E = Experience gained in this place as a percentage of experience gained in the entire game.
 F = Experience gained in this place divided by the number of levels of this place that you have seen.
                   A       B       C       D       E      F
               +-------+-------+-------+-------+-------+----------------------
         Total | 100.0 | 100.0 |   N/A |   N/A | 100.0 | 104.8
       Dungeon | 100.0 | 100.0 |   N/A |   N/A | 100.0 | 104.8
               +-------+-------+-------+-------+-------+----------------------
